 Dungeon Sprint DCSS version 0.31-a0-208-gdb31a4691d (webtiles) character file.

Game seed: 16059442978235378843

10000000 ytrimaz the Conqueror (level 27, -21/249 HPs)
             Began as a Mummy Gladiator on June 29, 2023.
             Was the Champion of Makhleb.
             Killed by dispel undead
             ... invoked by a wretched soul
              (138 damage)
             ... in the Dungeon (Sprint VIII: "Arena of Blood").
             The game lasted 00:05:54 (100 turns).

ytrimaz the Conqueror (Mummy Gladiator)              Turns: 100, Time: 00:05:54

Health: -21/249    AC:  8    Str: 19    XL:     27
Magic:  36/54      EV: 36    Int:  9    God:    Makhleb [******]
Gold:   0          SH:  0    Dex: 24    Spells: 80/80 levels left

rFire   x . .        f - +∞ Axe of Woe
rCold   + . .        (shield currently unavailable)
rNeg    + + +        a - +0 leather armour
rPois   ∞            b - +0 helmet
rElec   .            (no cloak)
rCorr   .            (no gloves)
SInv    .            (no boots)
Will    +++..        (no amulet)
Stlth   ++++++++++   (no ring)
HPRegen 0.61/turn    (no ring)
MPRegen 0.34/turn

%: no teleportation, faith
@: slowed, very slow
A: cold resistance 1, negative energy resistance 3, torment resistance 2, heat
vulnerability 1, in touch with death 2, no potions, faith
a: Renounce Religion, Minor Destruction, Lesser Servant of Makhleb, Major
Destruction, Greater Servant of Makhleb


You were in the Dungeon.
You worshipped Makhleb.
Makhleb was exalted by your worship.
You visited 1 branch


Innate Abilities, Weirdness & Mutations

You are immune to poison.
Your flesh is cold resistant. (rC+)
You are immune to negative energy. (rN+++)
You are immune to unholy pain and torment.
You are vulnerable to heat. (rF-)
You are strongly in touch with the powers of death.
You do not drink.
You have a special connection with the divine. (Faith)


   Skills:
 O Level 27 Fighting
 O Level 27 Short Blades
 O Level 27 Long Blades
 O Level 27 Axes
 O Level 27 Maces & Flails
 O Level 27 Polearms
 O Level 27 Staves
 O Level 27 Ranged Weapons
 O Level 27 Throwing
 O Level 27 Armour
 O Level 27 Dodging
 O Level 27 Stealth
 O Level 27 Shields
 O Level 27 Unarmed Combat
 O Level 27 Spellcasting
 O Level 27 Conjurations
 O Level 27 Hexes
 O Level 27 Summonings
 O Level 27 Necromancy
 O Level 27 Translocations
 O Level 27 Transmutations
 O Level 27 Fire Magic
 O Level 27 Ice Magic
 O Level 27 Air Magic
 O Level 27 Earth Magic
 O Level 27 Poison Magic
 O Level 27 Invocations
 O Level 27 Evocations


You had 80 spell levels left.
You didn't know any spells.
Your spell library was empty.

Inventory:

Hand Weapons
 f - the +∞ Axe of Woe (weapon)
   (You found it in the Dungeon)
Missiles
 c - 3 throwing nets (quivered)
 d - a javelin
Armour
 a - a +0 leather armour (worn)
 b - a +0 helmet (worn)
Scrolls
 e - a scroll of blinking

Dungeon Overview and Level Annotations

Branches:
Dungeon (1/1) Zot: 27000

Altars:
Makhleb

......... .#.#...... ...
.........####...
.......M........
.....................
o..o....OL...........
......M...)†........
#.......#.)@)){..... ..
#.......#.)§X)X.....
...###°......###DD§LoX...
.......)###....))oWXXX..#
#......))_).)...V.X.{...§
.....#)))).#.......#o#.§
... #_)<._#.........§.. .
#))...#......#.#.#.
....._.............o


You could see 2 accurseds, a tentacled monstrosity (summoned), 2 tyrants, 2
eight-headed meat hydras, a destroyer, 6 large abominations, a dread, a meat
berserker (berserk) and 3 bags of meat.


Message History

Something smites you!
The meat berserker hits you with a +9 battleaxe!!!!
* * * LOW HITPOINT WARNING * * *
A destroyer comes into view. It is wielding a +9 heavy great sword.
The accursed points at you and mumbles some strange words.
Something smites you!
* * * LOW HITPOINT WARNING * * *
You hear a shout!
The Defiler shouts!
An accursed comes into view. 😨 HP[-89]
You take 89 damage, and now have 82/249 hp.
MASSIVE DAMAGE!! (PAUSE)
You dice the meat berserker like an onion!!!
You pulverise the meat berserker into a thin bloody mist.
You kill the meat berserker!
Makhleb accepts your kill.
You feel better.
You hear a shout! x3
The accursed casts a spell at you. Something smites you!
* * * LOW HITPOINT WARNING * * *
You hear a shout!
The meat berserker hits you with a +9 battleaxe!!!
* * * LOW HITPOINT WARNING * * *
The accursed points at you and mumbles some strange words.
Something smites you!
* * * LOW HITPOINT WARNING * * *
You hear a shout!
A bag of meat comes into view. It is wielding a +9 war axe.
The bag of meat hits you with a +9 war axe.
* * * LOW HITPOINT WARNING * * *
A large bag of meat comes into view. It is wielding a +9 giant spiked club.
Unknown command. 😱 HP[-73] MP[+1]
You take 73 damage, and now have 9/249 hp.
MASSIVE DAMAGE!! (PAUSE)
You hit the meat berserker.
You pulverise the meat berserker into a thin bloody mist.
You kill the meat berserker!
Makhleb accepts your kill.
You feel better.
You hit the bag of meat.
You hew the bag of meat savagely.
You kill the bag of meat!
Makhleb accepts your kill.
You feel better.
You hit The Defiler but do no damage. You chop The Defiler into pieces.
You kill The Defiler!
Makhleb accepts your kill.
You feel better.
You hit the eight-headed meat hydra but do no damage.
You slaughter the eight-headed meat hydra joyfully.
You kill the eight-headed meat hydra!
Makhleb accepts your kill.
You feel better.
You hear a shout!
A meat berserker comes into view. It is wielding a +9 battleaxe.
You hear a shout! x4
The accursed gestures at you while chanting.
Something smites you!
* * * LOW HITPOINT WARNING * * *
You hear a shout!
The destroyer casts a spell at you.
The destroyer blinks!
The accursed gestures at you while chanting.
Something smites you!
* * * LOW HITPOINT WARNING * * *
The tyrant mumbles some strange words. 😨 HP[+93]
You regained 93 hp, and now have 102/249 hp.
Unknown command.
You hit the accursed but do no damage.
You cleave the accursed in twain.
You destroy the accursed!
Makhleb accepts your kill.
You feel better.
You feel extremely nervous for a moment...
You are engulfed in negative energy!
You resist.
The large abomination disappears in a puff of smoke!
You hear a shout!
The accursed gestures at you while chanting.
Something smites you!
You hear a shout! x3
The accursed points at you and mumbles some strange words.
Something smites you!
* * * LOW HITPOINT WARNING * * *
The eight-headed meat hydra is engulfed in blazing flames. 😨 HP[+14]
You regained 14 hp, and now have 116/249 hp.
Unknown command.
You slice the meat berserker!!
You chop the meat berserker into pieces.
You kill the meat berserker!
Makhleb accepts your kill.
You hit the tentacled monstrosity but do no damage.
You pulverise the tentacled monstrosity into a thin bloody mist.
You kill the tentacled monstrosity!
The tentacled monstrosity disappears in a puff of smoke!
You hear a shout! x2
Deactivating autopickup; reactivate with Ctrl-A.
You convulse!
Ouch! That really hurt!
You die...

Skill      XL: |  1  2  3  4  5  6  7  8  9 10 11 12 13 14 15 16 17 18 19 20 21 22 23 24 25 26 27 |
---------------+----------------------------------------------------------------------------------+-----
Fighting       | 13 17 20 22 24 27 | 27.0
Throwing       | 11 15 17 19 21 24 27 | 27.0
Dodging        | 11 15 17 19 21 24 27 | 27.0
Unarmed Combat | 11 14 17 20 23 27 | 27.0
Axes           | 10 13 15 18 21 26 27 | 27.0
Maces & Flails | 9 14 18 21 27 | 27.0
Polearms       | 9 14 18 21 27 | 27.0
Armour         | 9 13 17 20 27 | 27.0
Stealth        | 10 15 19 22 27 | 27.0
Spellcasting   | 13 19 23 27 | 27.0
Invocations    | 10 15 19 22 27 | 27.0
Staves         | 12 27 | 27.0
Short Blades   | 4 9 14 18 27 | 27.0
Long Blades    | 4 9 14 18 27 | 27.0
Ranged Weapons | 4 9 14 18 27 | 27.0
Shields        | 4 9 14 18 27 | 27.0
Conjurations   | 4 9 13 16 27 | 27.0
Hexes          | 4 10 14 18 27 | 27.0
Summonings     | 4 9 13 16 27 | 27.0
Necromancy     | 5 10 15 19 27 | 27.0
Translocations | 4 9 13 16 27 | 27.0
Transmutations | 4 9 13 16 27 | 27.0
Fire Magic     | 4 9 13 16 27 | 27.0
Ice Magic      | 4 9 13 16 27 | 27.0
Air Magic      | 4 9 13 16 27 | 27.0
Earth Magic    | 4 9 13 16 27 | 27.0
Poison Magic   | 4 9 13 16 27 | 27.0
Evocations     | 4 9 13 16 27 | 27.0

Action                     |  1- 3 |  4- 6 |  7- 9 | 10-12 | 13-15 | 16-18 | 19-21 | 22-24 | 25-27 || total
---------------------------+-------+-------+-------+-------+-------+-------+-------+-------+-------++-------
  Melee: Executioner's axe |     1 |       |       |     1 |     7 |     9 |    13 |     6 |    32 ||    69
 Armour: Leather armour    |       |       |       |       |       |       |       |     2 |     1 ||     3
  Dodge: Dodged            |       |       |       |     1 |       |     1 |     1 |       |     6 ||     9

Levels and vault maps discovered:
D:        meatsprint

Notes
Turn   | Place    | Note
-------+----------+-------------------------------------------
     0 | D        | Found the +∞ Axe of Woe
     0 | D        | ytrimaz the Mummy Gladiator began the quest for the Orb.
     0 | D        | Reached XP level 1. HP: 16/16 MP: 1/1
     0 | D        | magus.rc [v1.9.6]
     3 | D        | Became a worshipper of Makhleb the Destroyer
     7 | D        | Noticed a bag of meat
     8 | D        | Noticed a bag of meat
     8 | D        | Noticed a bag of meat
    11 | D        | Noticed a bag of meat
    11 | D        | Noticed a bag of meat
    12 | D        | Killed a bag of meat
    12 | D        | Noticed a meat berserker
    12 | D        | Noticed a bag of meat
    12 | D        | Noticed a bag of meat
    13 | D        | Reached skill level 13 in Fighting
    13 | D        | Reached skill level 11 in Throwing
    13 | D        | Reached skill level 11 in Dodging
    13 | D        | Reached skill level 11 in Unarmed Combat
    13 | D        | Reached XP level 2. HP: 40/40 MP: 2/2
    13 | D        | Gained mutation: You are in touch with the powers of death.
                  | [Mummy growth]
    13 | D        | Reached XP level 3. HP: 46/46 MP: 3/3
    13 | D        | Reached XP level 4. HP: 53/53 MP: 4/4
    13 | D        | Reached XP level 5. HP: 59/59 MP: 5/5
    13 | D        | Reached XP level 6. HP: 66/66 MP: 6/6
    13 | D        | Reached XP level 7. HP: 72/72 MP: 7/7
    13 | D        | Reached XP level 8. HP: 79/79 MP: 8/8
    13 | D        | Reached XP level 9. HP: 85/85 MP: 9/9
    13 | D        | Reached XP level 10. HP: 92/92 MP: 10/10
    13 | D        | Killed a bag of meat
    13 | D        | Reached * piety under Makhleb
    13 | D        | Killed a meat berserker
    13 | D        | Noticed a bag of meat
    14 | D        | Reached skill level 17 in Fighting
    14 | D        | Reached skill level 10 in Axes
    14 | D        | Reached skill level 15 in Throwing
    14 | D        | Reached skill level 15 in Dodging
    14 | D        | Reached XP level 11. HP: 108/108 MP: 11/11
    14 | D        | Reached XP level 12. HP: 116/116 MP: 12/12
    14 | D        | Gained mutation: You are strongly in touch with the powers
                  | of death. [Mummy growth]
    14 | D        | Reached XP level 13. HP: 122/122 MP: 13/13
    14 | D        | Killed a bag of meat
    14 | D        | Reached ** piety under Makhleb
    15 | D        | Reached skill level 18 in Fighting
    15 | D        | Reached skill level 11 in Axes
    15 | D        | Noticed a meat berserker
    16 | D        | Killed a bag of meat
    16 | D        | Killed a bag of meat
    16 | D        | Noticed a meat berserker
    17 | D        | Reached skill level 20 in Fighting
    17 | D        | Reached skill level 13 in Axes
    17 | D        | Reached skill level 17 in Throwing
    17 | D        | Reached skill level 17 in Dodging
    17 | D        | Reached XP level 14. HP: 135/135 MP: 14/14
    17 | D        | Killed a bag of meat
    17 | D        | Reached *** piety under Makhleb
    17 | D        | Killed a bag of meat
    18 | D        | Reached skill level 21 in Fighting
    18 | D        | Reached skill level 14 in Axes
    18 | D        | Reached skill level 18 in Throwing
    18 | D        | Reached skill level 18 in Dodging
    18 | D        | Noticed a destroyer
    18 | D        | Noticed a meat berserker
    19 | D        | Killed a meat berserker
    19 | D        | Reached **** piety under Makhleb
    19 | D        | Noticed a meat berserker
    19 | D        | Noticed a destroyer
    20 | D        | Reached skill level 22 in Fighting
    20 | D        | Reached skill level 15 in Axes
    20 | D        | Reached skill level 19 in Throwing
    20 | D        | Reached skill level 19 in Dodging
    20 | D        | Reached XP level 15. HP: 146/146 MP: 15/15
    21 | D        | Killed a meat berserker
    21 | D        | Noticed a meat berserker
    22 | D        | Reached skill level 23 in Fighting
    22 | D        | Reached skill level 17 in Axes
    22 | D        | Reached skill level 20 in Throwing
    22 | D        | Reached skill level 20 in Dodging
    22 | D        | Killed a meat berserker
    23 | D        | Reached skill level 24 in Fighting
    23 | D        | Reached skill level 18 in Axes
    23 | D        | Reached ***** piety under Makhleb
    24 | D        | Reached skill level 21 in Throwing
    24 | D        | Reached skill level 21 in Dodging
    24 | D        | Reached XP level 16. HP: 161/161 MP: 16/16
    24 | D        | Noticed a meat berserker
    25 | D        | Killed a meat berserker
    25 | D        | Killed a destroyer
    25 | D        | Killed a destroyer
    26 | D        | Reached skill level 27 in Fighting
    26 | D        | Reached skill level 21 in Axes
    26 | D        | Reached skill level 24 in Throwing
    26 | D        | Reached skill level 24 in Dodging
    26 | D        | Reached XP level 17. HP: 113/174 MP: 17/17
    26 | D        | Killed a meat berserker
    27 | D        | Reached skill level 22 in Axes
    27 | D        | Noticed a destroyer
    28 | D        | Reached skill level 23 in Axes
    28 | D        | Reached skill level 25 in Throwing
    28 | D        | Reached skill level 25 in Dodging
    29 | D        | Noticed a large bag of meat
    29 | D        | Killed a meat berserker
    29 | D        | Reached ****** piety under Makhleb
    30 | D        | Reached skill level 24 in Axes
    30 | D        | Reached skill level 26 in Throwing
    30 | D        | Reached skill level 26 in Dodging
    30 | D        | Noticed a meat berserker
    32 | D        | Killed a large bag of meat
    32 | D        | Noticed a meat berserker
    33 | D        | Reached skill level 26 in Axes
    33 | D        | Reached skill level 27 in Throwing
    33 | D        | Reached skill level 27 in Dodging
    33 | D        | Reached XP level 18. HP: 119/182 MP: 18/18
    33 | D        | Killed a destroyer
    34 | D        | Reached skill level 27 in Axes
    34 | D        | Reached skill level 5 in Maces & Flails
    34 | D        | Reached skill level 5 in Polearms
    34 | D        | Reached skill level 5 in Armour
    34 | D        | Reached skill level 6 in Stealth
    34 | D        | Reached skill level 12 in Unarmed Combat
    34 | D        | Reached skill level 8 in Spellcasting
    34 | D        | Reached skill level 6 in Invocations
    34 | D        | Noticed a sculptor of flesh
    35 | D        | Killed a meat berserker
    36 | D        | Reached skill level 8 in Maces & Flails
    36 | D        | Reached skill level 8 in Polearms
    36 | D        | Reached skill level 8 in Armour
    36 | D        | Reached skill level 8 in Stealth
    36 | D        | Reached skill level 13 in Unarmed Combat
    36 | D        | Reached skill level 11 in Spellcasting
    36 | D        | Reached skill level 8 in Invocations
    36 | D        | Noticed a destroyer
    36 | D        | Noticed a sculptor of flesh
    37 | D        | Killed a meat berserker
    38 | D        | Reached skill level 9 in Maces & Flails
    38 | D        | Reached skill level 9 in Polearms
    38 | D        | Reached skill level 9 in Armour
    38 | D        | Reached skill level 10 in Stealth
    38 | D        | Reached skill level 14 in Unarmed Combat
    38 | D        | Reached skill level 13 in Spellcasting
    38 | D        | Reached skill level 10 in Invocations
    38 | D        | Reached XP level 19. HP: 189/189 MP: 18/36
    39 | D        | Killed a destroyer
    40 | D        | Reached skill level 12 in Maces & Flails
    40 | D        | Reached skill level 12 in Polearms
    40 | D        | Reached skill level 11 in Armour
    40 | D        | Reached skill level 12 in Stealth
    40 | D        | Reached skill level 16 in Unarmed Combat
    40 | D        | Reached skill level 16 in Spellcasting
    40 | D        | Reached skill level 12 in Invocations
    40 | D        | Noticed a destroyer
    41 | D        | Noticed a tyrant
    42 | D        | Reached skill level 13 in Maces & Flails
    42 | D        | Reached skill level 13 in Polearms
    42 | D        | Reached skill level 13 in Armour
    42 | D        | Reached skill level 14 in Stealth
    42 | D        | Reached skill level 17 in Unarmed Combat
    42 | D        | Reached skill level 18 in Spellcasting
    42 | D        | Reached skill level 14 in Invocations
    42 | D        | Noticed a meat berserker
    43 | D        | Reached skill level 14 in Maces & Flails
    43 | D        | Reached skill level 14 in Polearms
    43 | D        | Reached skill level 15 in Stealth
    43 | D        | Reached skill level 19 in Spellcasting
    43 | D        | Reached skill level 15 in Invocations
    43 | D        | Reached XP level 20. HP: 197/197 MP: 19/43
    44 | D        | Reached skill level 14 in Armour
    44 | D        | Noticed a tyrant
    44 | D        | Killed a tyrant
    45 | D        | Reached skill level 15 in Maces & Flails
    45 | D        | Reached skill level 15 in Polearms
    45 | D        | Reached skill level 15 in Armour
    45 | D        | Reached skill level 16 in Stealth
    45 | D        | Reached skill level 18 in Unarmed Combat
    45 | D        | Reached skill level 20 in Spellcasting
    45 | D        | Reached skill level 16 in Invocations
    45 | D        | Noticed an accursed
    45 | D        | Killed a destroyer
    46 | D        | Reached skill level 16 in Maces & Flails
    46 | D        | Reached skill level 16 in Polearms
    46 | D        | Reached skill level 16 in Armour
    46 | D        | Reached skill level 17 in Stealth
    46 | D        | Reached skill level 19 in Unarmed Combat
    46 | D        | Reached skill level 22 in Spellcasting
    46 | D        | Reached skill level 17 in Invocations
    47 | D        | Killed a meat berserker
    48 | D        | Reached skill level 17 in Maces & Flails
    48 | D        | Reached skill level 17 in Polearms
    48 | D        | Reached skill level 17 in Armour
    48 | D        | Reached skill level 18 in Stealth
    48 | D        | Reached skill level 20 in Unarmed Combat
    48 | D        | Reached skill level 23 in Spellcasting
    48 | D        | Reached skill level 18 in Invocations
    49 | D        | Killed a tyrant
    50 | D        | Reached skill level 18 in Maces & Flails
    50 | D        | Reached skill level 18 in Polearms
    50 | D        | Reached skill level 19 in Stealth
    50 | D        | Reached skill level 19 in Invocations
    50 | D        | Reached XP level 21. HP: 204/204 MP: 21/48
    51 | D        | Killed an accursed
    52 | D        | Reached skill level 19 in Maces & Flails
    52 | D        | Reached skill level 19 in Polearms
    52 | D        | Reached skill level 18 in Armour
    52 | D        | Reached skill level 20 in Stealth
    52 | D        | Reached skill level 21 in Unarmed Combat
    52 | D        | Reached skill level 25 in Spellcasting
    52 | D        | Reached skill level 20 in Invocations
    52 | D        | Noticed an accursed
    55 | D        | Reached skill level 19 in Armour
    57 | D        | Noticed a destroyer
    58 | D        | Noticed a dread
    58 | D        | Noticed a destroyer
    58 | D        | Noticed a large bag of meat
    59 | D        | Noticed a destroyer
    59 | D        | Noticed a destroyer
    61 | D        | Reached skill level 26 in Spellcasting
    61 | D        | Noticed a large bag of meat
    62 | D        | Reached skill level 21 in Maces & Flails
    62 | D        | Reached skill level 21 in Polearms
    62 | D        | Reached skill level 20 in Armour
    62 | D        | Reached skill level 22 in Stealth
    62 | D        | Reached skill level 23 in Unarmed Combat
    62 | D        | Reached skill level 27 in Spellcasting
    62 | D        | Reached skill level 22 in Invocations
    62 | D        | Reached XP level 22. HP: 212/212 MP: 24/53
    62 | D        | Killed a destroyer
    63 | D        | Reached skill level 23 in Maces & Flails
    63 | D        | Reached skill level 23 in Polearms
    63 | D        | Reached skill level 23 in Armour
    63 | D        | Reached skill level 25 in Stealth
    63 | D        | Reached skill level 25 in Unarmed Combat
    63 | D        | Reached skill level 24 in Invocations
    63 | D        | Noticed a destroyer
    64 | D        | Reached skill level 24 in Maces & Flails
    64 | D        | Reached skill level 24 in Polearms
    64 | D        | Reached skill level 24 in Armour
    64 | D        | Reached skill level 26 in Stealth
    64 | D        | Reached skill level 26 in Unarmed Combat
    64 | D        | Reached skill level 25 in Invocations
    64 | D        | Noticed a dread
    64 | D        | Noticed a destroyer
    64 | D        | Noticed a meat beast
    65 | D        | Noticed a large bag of meat
    65 | D        | Killed a destroyer
    65 | D        | Killed a destroyer
    65 | D        | Killed a large bag of meat
    65 | D        | Noticed a meat beast
    65 | D        | Noticed a destroyer
    65 | D        | Noticed a destroyer
    66 | D        | Reached skill level 27 in Maces & Flails
    66 | D        | Reached skill level 27 in Polearms
    66 | D        | Reached skill level 27 in Armour
    66 | D        | Reached skill level 27 in Stealth
    66 | D        | Reached skill level 27 in Unarmed Combat
    66 | D        | Reached skill level 27 in Invocations
    66 | D        | Reached skill level 12 in Staves
    66 | D        | Reached XP level 23. HP: 170/219 MP: 25/54
    66 | D        | Killed a meat beast
    67 | D        | Reached skill level 27 in Staves
    67 | D        | Reached skill level 4 in Short Blades
    67 | D        | Reached skill level 4 in Long Blades
    67 | D        | Reached skill level 4 in Ranged Weapons
    67 | D        | Reached skill level 4 in Shields
    67 | D        | Reached skill level 4 in Conjurations
    67 | D        | Reached skill level 4 in Hexes
    67 | D        | Reached skill level 4 in Summonings
    67 | D        | Reached skill level 5 in Necromancy
    67 | D        | Reached skill level 4 in Translocations
    67 | D        | Reached skill level 4 in Transmutations
    67 | D        | Reached skill level 4 in Fire Magic
    67 | D        | Reached skill level 4 in Ice Magic
    67 | D        | Reached skill level 4 in Air Magic
    67 | D        | Reached skill level 4 in Earth Magic
    67 | D        | Reached skill level 4 in Poison Magic
    67 | D        | Reached skill level 4 in Evocations
    67 | D        | Reached XP level 24. HP: 213/227 MP: 26/54
    67 | D        | Noticed a destroyer
    67 | D        | Noticed a tyrant
    67 | D        | Noticed a meat beast
    68 | D        | Reached skill level 6 in Short Blades
    68 | D        | Reached skill level 6 in Long Blades
    68 | D        | Reached skill level 6 in Ranged Weapons
    68 | D        | Reached skill level 6 in Shields
    68 | D        | Reached skill level 6 in Conjurations
    68 | D        | Reached skill level 6 in Hexes
    68 | D        | Reached skill level 6 in Summonings
    68 | D        | Reached skill level 7 in Necromancy
    68 | D        | Reached skill level 6 in Translocations
    68 | D        | Reached skill level 6 in Transmutations
    68 | D        | Reached skill level 6 in Fire Magic
    68 | D        | Reached skill level 6 in Ice Magic
    68 | D        | Reached skill level 6 in Air Magic
    68 | D        | Reached skill level 6 in Earth Magic
    68 | D        | Reached skill level 6 in Poison Magic
    68 | D        | Reached skill level 6 in Evocations
    68 | D        | Killed a meat beast
    69 | D        | Reached skill level 9 in Short Blades
    69 | D        | Reached skill level 9 in Long Blades
    69 | D        | Reached skill level 9 in Ranged Weapons
    69 | D        | Reached skill level 9 in Shields
    69 | D        | Reached skill level 9 in Conjurations
    69 | D        | Reached skill level 10 in Hexes
    69 | D        | Reached skill level 9 in Summonings
    69 | D        | Reached skill level 10 in Necromancy
    69 | D        | Reached skill level 9 in Translocations
    69 | D        | Reached skill level 9 in Transmutations
    69 | D        | Reached skill level 9 in Fire Magic
    69 | D        | Reached skill level 9 in Ice Magic
    69 | D        | Reached skill level 9 in Air Magic
    69 | D        | Reached skill level 9 in Earth Magic
    69 | D        | Reached skill level 9 in Poison Magic
    69 | D        | Reached skill level 9 in Evocations
    69 | D        | Reached XP level 25. HP: 185/234 MP: 26/54
    70 | D        | Reached skill level 10 in Short Blades
    70 | D        | Reached skill level 10 in Long Blades
    70 | D        | Reached skill level 10 in Ranged Weapons
    70 | D        | Reached skill level 10 in Shields
    70 | D        | Reached skill level 10 in Conjurations
    70 | D        | Reached skill level 10 in Summonings
    70 | D        | Reached skill level 11 in Necromancy
    70 | D        | Reached skill level 10 in Translocations
    70 | D        | Reached skill level 10 in Transmutations
    70 | D        | Reached skill level 10 in Fire Magic
    70 | D        | Reached skill level 10 in Ice Magic
    70 | D        | Reached skill level 10 in Air Magic
    70 | D        | Reached skill level 10 in Earth Magic
    70 | D        | Reached skill level 10 in Poison Magic
    70 | D        | Reached skill level 10 in Evocations
    70 | D        | Killed a destroyer
    70 | D        | Noticed a meat beast
    71 | D        | Reached skill level 12 in Short Blades
    71 | D        | Reached skill level 12 in Long Blades
    71 | D        | Reached skill level 12 in Ranged Weapons
    71 | D        | Reached skill level 12 in Shields
    71 | D        | Reached skill level 11 in Conjurations
    71 | D        | Reached skill level 12 in Hexes
    71 | D        | Reached skill level 11 in Summonings
    71 | D        | Reached skill level 13 in Necromancy
    71 | D        | Reached skill level 11 in Translocations
    71 | D        | Reached skill level 11 in Transmutations
    71 | D        | Reached skill level 11 in Fire Magic
    71 | D        | Reached skill level 11 in Ice Magic
    71 | D        | Reached skill level 11 in Air Magic
    71 | D        | Reached skill level 11 in Earth Magic
    71 | D        | Reached skill level 11 in Poison Magic
    71 | D        | Reached skill level 11 in Evocations
    71 | D        | Noticed a meat beast
    71 | D        | Killed a destroyer
    71 | D        | Noticed a dread
    72 | D        | Reached skill level 14 in Short Blades
    72 | D        | Reached skill level 14 in Long Blades
    72 | D        | Reached skill level 14 in Ranged Weapons
    72 | D        | Reached skill level 14 in Shields
    72 | D        | Reached skill level 13 in Conjurations
    72 | D        | Reached skill level 14 in Hexes
    72 | D        | Reached skill level 13 in Summonings
    72 | D        | Reached skill level 15 in Necromancy
    72 | D        | Reached skill level 13 in Translocations
    72 | D        | Reached skill level 13 in Transmutations
    72 | D        | Reached skill level 13 in Fire Magic
    72 | D        | Reached skill level 13 in Ice Magic
    72 | D        | Reached skill level 13 in Air Magic
    72 | D        | Reached skill level 13 in Earth Magic
    72 | D        | Reached skill level 13 in Poison Magic
    72 | D        | Reached skill level 13 in Evocations
    72 | D        | Reached XP level 26. HP: 242/242 MP: 27/54
    72 | D        | Killed a destroyer
    72 | D        | Noticed an accursed
    73 | D        | Reached skill level 15 in Short Blades
    73 | D        | Reached skill level 15 in Long Blades
    73 | D        | Reached skill level 15 in Ranged Weapons
    73 | D        | Reached skill level 15 in Shields
    73 | D        | Reached skill level 14 in Conjurations
    73 | D        | Reached skill level 15 in Hexes
    73 | D        | Reached skill level 14 in Summonings
    73 | D        | Reached skill level 16 in Necromancy
    73 | D        | Reached skill level 14 in Translocations
    73 | D        | Reached skill level 14 in Transmutations
    73 | D        | Reached skill level 14 in Fire Magic
    73 | D        | Reached skill level 14 in Ice Magic
    73 | D        | Reached skill level 14 in Air Magic
    73 | D        | Reached skill level 14 in Earth Magic
    73 | D        | Reached skill level 14 in Poison Magic
    73 | D        | Reached skill level 14 in Evocations
    73 | D        | Killed a dread
    73 | D        | Killed a meat beast
    73 | D        | Killed a destroyer
    73 | D        | Noticed a meat beast
    74 | D        | Reached skill level 18 in Short Blades
    74 | D        | Reached skill level 18 in Long Blades
    74 | D        | Reached skill level 18 in Ranged Weapons
    74 | D        | Reached skill level 18 in Shields
    74 | D        | Reached skill level 16 in Conjurations
    74 | D        | Reached skill level 18 in Hexes
    74 | D        | Reached skill level 16 in Summonings
    74 | D        | Reached skill level 19 in Necromancy
    74 | D        | Reached skill level 16 in Translocations
    74 | D        | Reached skill level 16 in Transmutations
    74 | D        | Reached skill level 16 in Fire Magic
    74 | D        | Reached skill level 16 in Ice Magic
    74 | D        | Reached skill level 16 in Air Magic
    74 | D        | Reached skill level 16 in Earth Magic
    74 | D        | Reached skill level 16 in Poison Magic
    74 | D        | Reached skill level 16 in Evocations
    74 | D        | Reached XP level 27. HP: 234/249 MP: 27/54
    74 | D        | Noticed a meat beast
    74 | D        | Killed a destroyer
    75 | D        | Reached skill level 19 in Short Blades
    75 | D        | Reached skill level 19 in Long Blades
    75 | D        | Reached skill level 19 in Ranged Weapons
    75 | D        | Reached skill level 19 in Shields
    75 | D        | Reached skill level 17 in Conjurations
    75 | D        | Reached skill level 19 in Hexes
    75 | D        | Reached skill level 17 in Summonings
    75 | D        | Reached skill level 20 in Necromancy
    75 | D        | Reached skill level 17 in Translocations
    75 | D        | Reached skill level 17 in Transmutations
    75 | D        | Reached skill level 17 in Fire Magic
    75 | D        | Reached skill level 17 in Ice Magic
    75 | D        | Reached skill level 17 in Air Magic
    75 | D        | Reached skill level 17 in Earth Magic
    75 | D        | Reached skill level 17 in Poison Magic
    75 | D        | Reached skill level 17 in Evocations
    75 | D        | Noticed a meat beast
    75 | D        | Killed a meat beast
    75 | D        | Killed a destroyer
    75 | D        | Noticed a meat beast
    76 | D        | Reached skill level 20 in Short Blades
    76 | D        | Reached skill level 20 in Long Blades
    76 | D        | Reached skill level 20 in Ranged Weapons
    76 | D        | Reached skill level 20 in Shields
    76 | D        | Reached skill level 19 in Conjurations
    76 | D        | Reached skill level 20 in Hexes
    76 | D        | Reached skill level 19 in Summonings
    76 | D        | Reached skill level 22 in Necromancy
    76 | D        | Reached skill level 19 in Translocations
    76 | D        | Reached skill level 19 in Transmutations
    76 | D        | Reached skill level 19 in Fire Magic
    76 | D        | Reached skill level 19 in Ice Magic
    76 | D        | Reached skill level 19 in Air Magic
    76 | D        | Reached skill level 19 in Earth Magic
    76 | D        | Reached skill level 19 in Poison Magic
    76 | D        | Reached skill level 19 in Evocations
    76 | D        | Killed a large bag of meat
    76 | D        | Killed a meat beast
    76 | D        | Noticed a meat beast
    77 | D        | Reached skill level 22 in Short Blades
    77 | D        | Reached skill level 22 in Long Blades
    77 | D        | Reached skill level 22 in Ranged Weapons
    77 | D        | Reached skill level 22 in Shields
    77 | D        | Reached skill level 20 in Conjurations
    77 | D        | Reached skill level 22 in Hexes
    77 | D        | Reached skill level 20 in Summonings
    77 | D        | Reached skill level 23 in Necromancy
    77 | D        | Reached skill level 20 in Translocations
    77 | D        | Reached skill level 20 in Transmutations
    77 | D        | Reached skill level 20 in Fire Magic
    77 | D        | Reached skill level 20 in Ice Magic
    77 | D        | Reached skill level 20 in Air Magic
    77 | D        | Reached skill level 20 in Earth Magic
    77 | D        | Reached skill level 20 in Poison Magic
    77 | D        | Reached skill level 20 in Evocations
    77 | D        | Killed a dread
    77 | D        | Noticed a meat beast
    78 | D        | Reached skill level 21 in Conjurations
    78 | D        | Reached skill level 23 in Hexes
    78 | D        | Reached skill level 21 in Summonings
    78 | D        | Reached skill level 24 in Necromancy
    78 | D        | Reached skill level 21 in Translocations
    78 | D        | Reached skill level 21 in Transmutations
    78 | D        | Reached skill level 21 in Fire Magic
    78 | D        | Reached skill level 21 in Ice Magic
    78 | D        | Reached skill level 21 in Air Magic
    78 | D        | Reached skill level 21 in Earth Magic
    78 | D        | Reached skill level 21 in Poison Magic
    78 | D        | Reached skill level 21 in Evocations
    78 | D        | Killed a tyrant
    78 | D        | Noticed The Captor
    79 | D        | Reached skill level 23 in Short Blades
    79 | D        | Reached skill level 23 in Long Blades
    79 | D        | Reached skill level 23 in Ranged Weapons
    79 | D        | Reached skill level 23 in Shields
    79 | D        | Reached skill level 25 in Necromancy
    79 | D        | Noticed a meat beast
    79 | D        | Noticed a meat beast
    79 | D        | Killed a meat beast
    79 | D        | Killed a meat beast
    80 | D        | Reached skill level 25 in Short Blades
    80 | D        | Reached skill level 25 in Long Blades
    80 | D        | Reached skill level 25 in Ranged Weapons
    80 | D        | Reached skill level 25 in Shields
    80 | D        | Reached skill level 23 in Conjurations
    80 | D        | Reached skill level 25 in Hexes
    80 | D        | Reached skill level 23 in Summonings
    80 | D        | Reached skill level 27 in Necromancy
    80 | D        | Reached skill level 23 in Translocations
    80 | D        | Reached skill level 23 in Transmutations
    80 | D        | Reached skill level 23 in Fire Magic
    80 | D        | Reached skill level 23 in Ice Magic
    80 | D        | Reached skill level 23 in Air Magic
    80 | D        | Reached skill level 23 in Earth Magic
    80 | D        | Reached skill level 23 in Poison Magic
    80 | D        | Reached skill level 23 in Evocations
    80 | D        | Noticed a meat beast
    80 | D        | Killed a meat beast
    81 | D        | Reached skill level 26 in Short Blades
    81 | D        | Reached skill level 26 in Long Blades
    81 | D        | Reached skill level 26 in Ranged Weapons
    81 | D        | Reached skill level 26 in Shields
    81 | D        | Reached skill level 24 in Conjurations
    81 | D        | Reached skill level 26 in Hexes
    81 | D        | Reached skill level 24 in Summonings
    81 | D        | Reached skill level 24 in Translocations
    81 | D        | Reached skill level 24 in Transmutations
    81 | D        | Reached skill level 24 in Fire Magic
    81 | D        | Reached skill level 24 in Ice Magic
    81 | D        | Reached skill level 24 in Air Magic
    81 | D        | Reached skill level 24 in Earth Magic
    81 | D        | Reached skill level 24 in Poison Magic
    81 | D        | Reached skill level 24 in Evocations
    81 | D        | Killed a dread
    81 | D        | Killed a meat beast
    81 | D        | Noticed a tyrant
    81 | D        | Noticed a large bag of meat
    81 | D        | Noticed an accursed
    82 | D        | Reached skill level 27 in Short Blades
    82 | D        | Reached skill level 27 in Long Blades
    82 | D        | Reached skill level 27 in Ranged Weapons
    82 | D        | Reached skill level 27 in Shields
    82 | D        | Reached skill level 25 in Conjurations
    82 | D        | Reached skill level 27 in Hexes
    82 | D        | Reached skill level 25 in Summonings
    82 | D        | Reached skill level 25 in Translocations
    82 | D        | Reached skill level 25 in Transmutations
    82 | D        | Reached skill level 25 in Fire Magic
    82 | D        | Reached skill level 25 in Ice Magic
    82 | D        | Reached skill level 25 in Air Magic
    82 | D        | Reached skill level 25 in Earth Magic
    82 | D        | Reached skill level 25 in Poison Magic
    82 | D        | Reached skill level 25 in Evocations
    82 | D        | Killed a meat beast
    82 | D        | Killed an accursed
    82 | D        | Killed a meat beast
    82 | D        | Killed a large bag of meat
    82 | D        | Killed a meat beast
    83 | D        | Reached skill level 27 in Conjurations
    83 | D        | Reached skill level 27 in Summonings
    83 | D        | Reached skill level 27 in Translocations
    83 | D        | Reached skill level 27 in Transmutations
    83 | D        | Reached skill level 27 in Fire Magic
    83 | D        | Reached skill level 27 in Ice Magic
    83 | D        | Reached skill level 27 in Air Magic
    83 | D        | Reached skill level 27 in Earth Magic
    83 | D        | Reached skill level 27 in Poison Magic
    83 | D        | Reached skill level 27 in Evocations
    83 | D        | Killed a meat beast
    83 | D        | Killed an accursed
    84 | D        | Killed a meat beast
    86 | D        | Killed The Captor
    88 | D        | Killed a large bag of meat
    90 | D        | Noticed a tyrant
    90 | D        | Noticed a meat beast
    92 | D        | Killed a tyrant
    94 | D        | Noticed an accursed
    95 | D        | Killed a meat beast
    95 | D        | Noticed a dread
    96 | D        | Noticed a tyrant
    96 | D        | Noticed a destroyer
    96 | D        | Noticed The Defiler
    97 | D        | Noticed an accursed
    97 | D        | HP: 26/249 [meat berserker/+9 battleaxe (71)]
    97 | D        | HP: 9/249 [bag of meat/+9 war axe (4)]
    97 | D        | Noticed a large bag of meat
    98 | D        | Killed The Defiler
    99 | D        | Killed an accursed
   100 | D        | Killed from afar by a wretched soul

Vanquished Creatures
  Sigmund (D)
  15 hell beasts (D)
  Edmund (D)
  4 royal mummies (D)
  A great orb of eyes (D)
  3 wraiths (D)
  14 vampire knights (D)
  35 ogres (D)
  5 two-headed ogres (D)
  4 liches (D)
  2 hydras (D)
  84 orcs (D)
  10 skeletal warriors (D)
179 creatures vanquished.

Table legend:
 A = Non-vault XP
 B = Vault XP
 C = Vault XP percentage of total XP
 D = Non-vault monster count
 E = Vault monster count
 F = Vault count percentage of total count
                 A         B        C        D         E       F
            +---------+---------+-------+---------+---------+-------
      Total | 2816079 | 1003728 |  26.3 |      90 |      89 |  49.7
            +---------+---------+-------+---------+---------+-------
          D | 2816079 | 1003728 |  26.3 |      90 |      89 |  49.7
            +---------+---------+-------+---------+---------+-------

Skill      XL: |  1  2  3  4  5  6  7  8  9 10 11 12 13 14 15 16 17 18 19 20 21 22 23 24 25 26 27 |
---------------+----------------------------------------------------------------------------------+-----
Fighting       | 13 17 20 22 24 27 | 27.0
Throwing       | 11 15 17 19 21 24 27 | 27.0
Dodging        | 11 15 17 19 21 24 27 | 27.0
Unarmed Combat | 11 14 17 20 23 27 | 27.0
Axes           | 10 13 15 18 21 26 27 | 27.0
Maces & Flails | 9 14 18 21 27 | 27.0
Polearms       | 9 14 18 21 27 | 27.0
Armour         | 9 13 17 20 27 | 27.0
Stealth        | 10 15 19 22 27 | 27.0
Spellcasting   | 13 19 23 27 | 27.0
Invocations    | 10 15 19 22 27 | 27.0
Staves         | 12 27 | 27.0
Short Blades   | 4 9 14 18 27 | 27.0
Long Blades    | 4 9 14 18 27 | 27.0
Ranged Weapons | 4 9 14 18 27 | 27.0
Shields        | 4 9 14 18 27 | 27.0
Conjurations   | 4 9 13 16 27 | 27.0
Hexes          | 4 10 14 18 27 | 27.0
Summonings     | 4 9 13 16 27 | 27.0
Necromancy     | 5 10 15 19 27 | 27.0
Translocations | 4 9 13 16 27 | 27.0
Transmutations | 4 9 13 16 27 | 27.0
Fire Magic     | 4 9 13 16 27 | 27.0
Ice Magic      | 4 9 13 16 27 | 27.0
Air Magic      | 4 9 13 16 27 | 27.0
Earth Magic    | 4 9 13 16 27 | 27.0
Poison Magic   | 4 9 13 16 27 | 27.0
Evocations     | 4 9 13 16 27 | 27.0

Action                     |  1- 3 |  4- 6 |  7- 9 | 10-12 | 13-15 | 16-18 | 19-21 | 22-24 | 25-27 || total
---------------------------+-------+-------+-------+-------+-------+-------+-------+-------+-------++-------
  Melee: Executioner's axe |     1 |       |       |     1 |     7 |     9 |    13 |     6 |    32 ||    69
 Armour: Leather armour    |       |       |       |       |       |       |       |     2 |     1 ||     3
  Dodge: Dodged            |       |       |       |     1 |       |     1 |     1 |       |     6 ||     9

Illustrated notes

Table legend:
 A = Kills in this place as a percentage of kills in the entire game.
 B = Kills by you in this place as a percentage of kills by you in the entire game.
 C = Kills by friends in this place as a percentage of kills by friends in the entire game.
 D = Other kills in this place as a percentage of other kills in the entire game.
 E = Experience gained in this place as a percentage of experience gained in the entire game.
 F = Experience gained in this place divided by the number of levels of this place that you have seen.
                   A       B       C       D       E      F
               +-------+-------+-------+-------+-------+----------------------
         Total | 100.0 | 100.0 |   N/A |   N/A | 100.0 | 3819807.0
       Dungeon | 100.0 | 100.0 |   N/A |   N/A | 100.0 | 3819807.0
               +-------+-------+-------+-------+-------+----------------------

Table legend: (Time is in decaauts)
 A = Elapsed time spent in this place.
 B = Non-inter-level travel time spent in this place.
 C = Inter-level travel time spent in this place.
 D = Time resting spent in this place.
 E = Time spent auto-exploring this place.
 F = Levels seen in this place.
 G = Mean time per level.
                   A        B        C        D        E       F      G
               +--------+--------+--------+--------+--------+-----+--------+
         Total |     91 |     91 |      0 |      0 |      0 |   1 |   91.0 |
       Dungeon |     91 |     91 |      0 |      0 |      0 |   1 |   91.0 |
               +--------+--------+--------+--------+--------+-----+--------+

Top non-repeatable levels by time:
       D: 91 daAuts
